TOP OF THE 1ST |
Gwinnett Braves batting - Pitching for Iowa Cubs : RHP Gabe Wagner
|
Pitching: RHP Gabe Wagner
|
|
Batting: RHB Francisco Hernandez
|
0-0: Called Strike 0-1: Ball 1-1: Ball 2-1: Ground out 5-3 (Groundball, 56, EV 84.4 MPH)
|
Batting: RHB Luis Revilla
|
0-0: Ball 1-0: Ground out 4-3 (Groundball, 4S, EV 93.1 MPH)
|
Batting: LHB Ricky Ayon
|
0-0: Ball 1-0: Foul Ball, location: 2F 1-1: Foul Ball, location: 2F 1-2: DOUBLE (Flyball, 8RXD, EV 108.1 MPH)
|
Batting: LHB Jose Chinchilla
|
0-0: Called Strike 0-1: Swinging Strike 0-2: Ball 1-2: Ball 2-2: Ball 3-2: SINGLE (Line Drive, 4MD, EV 94.4 MPH) Ricky Ayon to third Runner from 3rd tries for Home, SAFE, throw by CF to home Jose Chinchilla to second
|
Batting: RHB Josh Whitmore
|
0-0: Ball 1-0: Ground out 5-3 (Groundball, 5S, EV 78.8 MPH)
|
Top of the 1st over - 1 run, 2 hits, 0 errors, 1 left on base; Gwinnett 1 - Iowa 0 |
BOTTOM OF THE 1ST |
Iowa Cubs batting - Pitching for Gwinnett Braves : RHP Howard Wood
|
Pitching: RHP Howard Wood
|
|
Batting: LHB Barend van der Kamp
|
0-0: Foul Ball, location: 2F 0-1: Ball 1-1: Foul Ball, location: 2F 1-2: Foul Ball, location: 2F 1-2: Strikes out swinging
|
Batting: RHB Shintaro Katsumata
|
0-0: Foul Ball, location: 2F 0-1: Bunted foul 0-2: Foul Ball, location: 2F 0-2: Ball 1-2: Foul Ball, location: 2F 1-2: Ball 2-2: Ball 3-2: Fly out, F8 (Flyball, 8RM, EV 88.1 MPH)
|
Batting: SHB Tim Hone
|
0-0: Fly out, F5 (Flyball, 56D, EV 96.3 MPH)
|
Bottom of the 1st over - 0 runs, 0 hits, 0 errors, 0 left on base; Gwinnett 1 - Iowa 0 |
TOP OF THE 2ND |
Gwinnett Braves batting - Pitching for Iowa Cubs : RHP Gabe Wagner
|
Batting: RHB Jesse Lester
|
0-0: Ball 1-0: Called Strike 1-1: Swinging Strike 1-2: Ball 2-2: Foul Ball, location: 2F 2-2: Foul Ball, location: 2F 2-2: Foul Ball, location: 2F 2-2: Ball 3-2: Foul Ball, location: 2F 3-2: Base on Balls
|
Batting: RHB T.J. Jordan
|
0-0: SINGLE (Groundball, 56, EV 102.5 MPH) (infield hit) Jesse Lester to second
|
Batting: RHB Ethan McCullough
|
0-0: Called Strike 0-1: Ball 1-1: Ball 2-1: Swinging Strike 2-2: Foul Ball, location: 2F 2-2: Ball 3-2: Strikes out swinging
|
Batting: SHB Tim Rodgers
|
0-0: SINGLE (Groundball, 13, EV 84.4 MPH) (infield hit) Jesse Lester to third T.J. Jordan to second
|
Batting: RHB Francisco Hernandez
|
0-0: Ball 1-0: Swinging Strike 1-1: Called Strike 1-2: Ball 2-2: Strikes out swinging
|
Batting: RHB Luis Revilla
|
0-0: Fly out, F9 (Line Drive, 9D, EV 93.1 MPH)
|
Top of the 2nd over - 0 runs, 2 hits, 0 errors, 3 left on base; Gwinnett 1 - Iowa 0 |
BOTTOM OF THE 2ND |
Iowa Cubs batting - Pitching for Gwinnett Braves : RHP Howard Wood
|
Batting: RHB Butch Koglin
|
0-0: Called Strike 0-1: Ball 1-1: Foul Ball, location: 2F 1-2: Foul Ball, location: 2F 1-2: Ball 2-2: Ball 3-2: Fly out, F4 (Popup, 4S, EV 75.6 MPH)
|
Batting: LHB Chris Morgan
|
0-0: Called Strike 0-1: Ball 1-1: Called Strike 1-2: Ball 2-2: Strikes out swinging
|
Batting: LHB J.D. Brenner
|
0-0: TRIPLE (Flyball, 89XD, EV 93.8 MPH)
|
Pinch Runner at 3rd Paul Perry:
|
|
Batting: LHB Jose Mojica
|
0-0: Ball 1-0: Ball 2-0: Ball 3-0: Base on Balls
|
Batting: RHB Jonathan Underhill
|
0-0: Ball 1-0: Ball 2-0: Ball 3-0: Base on Balls Jose Mojica to second
|
Batting: SHB R.J. Vargas
|
0-0: Called Strike 0-1: Swinging Strike 0-2: Ball 1-2: Strikes out swinging
|
Bottom of the 2nd over - 0 runs, 1 hit, 0 errors, 3 left on base; Gwinnett 1 - Iowa 0 |
TOP OF THE 3RD |
Gwinnett Braves batting - Pitching for Iowa Cubs : RHP Gabe Wagner
|
Now in LF: Paul Perry
|
|
Batting: LHB Ricky Ayon
|
0-0: Ball 1-0: Ball 2-0: Called Strike 2-1: SINGLE (Groundball, 34D, EV 98.1 MPH)
|
Batting: LHB Jose Chinchilla
|
0-0: Called Strike 0-1: Foul Ball, location: 2F 0-2: Foul Ball, location: 2F 0-2: Fly out, F8 (Flyball, 8RM, EV 86.3 MPH)
|
Batting: RHB Josh Whitmore
|
0-0: Ball 1-0: Called Strike Ricky Ayon steals 2nd base 1-1: Ball 2-1: Called Strike Ricky Ayon steals 3rd base 2-2: Ball 3-2: Fly out, F9 (Flyball, 9S, EV 84.4 MPH)
|
Batting: RHB Jesse Lester
|
0-0: Ball 1-0: Foul Ball, location: 2F 1-1: Ball 2-1: Foul Ball, location: 2F 2-2: Ground out 4-3 (Groundball, 4M, EV 83.1 MPH)
|
Top of the 3rd over - 0 runs, 1 hit, 0 errors, 1 left on base; Gwinnett 1 - Iowa 0 |
BOTTOM OF THE 3RD |
Iowa Cubs batting - Pitching for Gwinnett Braves : RHP Howard Wood
|
Batting: LHB Barend van der Kamp
|
0-0: Foul Ball, location: 2F 0-1: Ball 1-1: Fly out, F7 (Flyball, 7D, EV 83.1 MPH)
|
Batting: RHB Shintaro Katsumata
|
0-0: Ball 1-0: Called Strike 1-1: Ball 2-1: Foul Ball, location: 2F 2-2: Foul Ball, location: 2F 2-2: Strikes out swinging
|
Batting: SHB Tim Hone
|
0-0: Ball 1-0: Ground out 5-3 (Groundball, 5S, EV 93.1 MPH)
|
Bottom of the 3rd over - 0 runs, 0 hits, 0 errors, 0 left on base; Gwinnett 1 - Iowa 0 |
TOP OF THE 4TH |
Gwinnett Braves batting - Pitching for Iowa Cubs : RHP Gabe Wagner
|
Batting: RHB T.J. Jordan
|
0-0: Ball 1-0: DOUBLE (Groundball, 3L, EV 105.0 MPH)
|
Batting: RHB Ethan McCullough
|
0-0: Ball 1-0: Ball 2-0: Called Strike 2-1: Ball 3-1: Foul Ball, location: 2F 3-2: Foul Ball, location: 2F 3-2: Foul Ball, location: 2F 3-2: Strikes out swinging
|
Batting: SHB Tim Rodgers
|
0-0: Called Strike 0-1: Ball 1-1: Called Strike 1-2: Foul Ball, location: 2F 1-2: Fly out, F9 (Flyball, 9LD, EV 92.5 MPH)
|
Batting: RHB Francisco Hernandez
|
0-0: Ball 1-0: Foul Ball, location: 2F 1-1: Foul Ball, location: 2F 1-2: Ball 2-2: Ball 3-2: Base on Balls
|
Batting: RHB Luis Revilla
|
0-0: Ball 1-0: Ball 2-0: Ball 3-0: Base on Balls T.J. Jordan to third Francisco Hernandez to second
|
Batting: LHB Ricky Ayon
|
0-0: Ball 1-0: Ball 2-0: Ball 3-0: Called Strike 3-1: Called Strike 3-2: Base on Balls T.J. Jordan scores Francisco Hernandez to third Luis Revilla to second
|
Batting: LHB Jose Chinchilla
|
0-0: Fly out, F7 (Flyball, 78M, EV 87.5 MPH)
|
Top of the 4th over - 1 run, 1 hit, 0 errors, 3 left on base; Gwinnett 2 - Iowa 0 |
BOTTOM OF THE 4TH |
Iowa Cubs batting - Pitching for Gwinnett Braves : RHP Howard Wood
|
Batting: RHB Butch Koglin
|
0-0: Called Strike 0-1: Fly out, F6 (Flyball, 56D, EV 88.8 MPH)
|
Batting: LHB Chris Morgan
|
0-0: Fly out, F8 (Flyball, 8LD, EV 85.6 MPH)
|
Batting: LHB Paul Perry
|
0-0: Fly out, F9 (Flyball, 89M, EV 75.6 MPH)
|
Bottom of the 4th over - 0 runs, 0 hits, 0 errors, 0 left on base; Gwinnett 2 - Iowa 0 |
TOP OF THE 5TH |
Gwinnett Braves batting - Pitching for Iowa Cubs : RHP Gabe Wagner
|
Batting: RHB Josh Whitmore
|
0-0: Foul Ball, location: 2F 0-1: Foul Ball, location: 2F 0-2: Ground out 4-3 (Groundball, 34D, EV 83.1 MPH)
|
Batting: RHB Jesse Lester
|
0-0: Ground out 5-3 (Groundball, 5, EV 84.4 MPH)
|
Batting: RHB T.J. Jordan
|
0-0: Called Strike 0-1: Foul Ball, location: 2F 0-2: Foul Ball, location: 2F 0-2: Foul Ball, location: 2F 0-2: Ball 1-2: Foul Ball, location: 2F 1-2: Ball 2-2: DOUBLE (Flyball, 89D, EV 100.0 MPH)
|
Batting: RHB Ethan McCullough
|
0-0: Ball 1-0: Ground out 6-3 (Groundball, 6, EV 93.1 MPH)
|
Top of the 5th over - 0 runs, 1 hit, 0 errors, 1 left on base; Gwinnett 2 - Iowa 0 |
BOTTOM OF THE 5TH |
Iowa Cubs batting - Pitching for Gwinnett Braves : RHP Howard Wood
|
Batting: LHB Jose Mojica
|
0-0: Called Strike 0-1: Ball 1-1: DOUBLE (Flyball, 8RXD, EV 98.8 MPH)
|
Batting: RHB Jonathan Underhill
|
0-0: Ball 1-0: Reached on error, E6 (Groundball, 6, EV 78.8 MPH) Jose Mojica to third
|
Batting: SHB R.J. Vargas
|
0-0: Ball 1-0: Ball 2-0: SINGLE (Groundball, 56D, EV 105.0 MPH) Jose Mojica scores Jonathan Underhill to second
|
Batting: LHB Barend van der Kamp
|
0-0: Called Strike 0-1: Swinging Strike 0-2: Ball 1-2: Fly out, F3 (Flyball, 3D, EV 86.3 MPH)
|
Batting: RHB Shintaro Katsumata
|
0-0: Ball Jonathan Underhill steals 3rd base (no throw) 1-0: Called Strike 1-1: DOUBLE (Line Drive, 9LM, EV 104.4 MPH) Jonathan Underhill scores R.J. Vargas to third Runner from 3rd tries for Home, SAFE, throw by RF to trailing runner, OUT at third! 9-3-5
|
Batting: SHB Tim Hone
|
0-0: Called Strike 0-1: Swinging Strike 0-2: Foul Ball, location: 2F 0-2: Foul Ball, location: 2F 0-2: SINGLE (Groundball, 34D, EV 110.0 MPH)
|
Batting: RHB Butch Koglin
|
Pickoff Throw to First - Error! E1 Tim Hone to second 0-0: Ball 1-0: Ball 2-0: Ball 3-0: Base on Balls
|
Batting: LHB Chris Morgan
|
0-0: Foul Ball, location: 2F 0-1: Ground out 4-3 (Groundball, 4S, EV 79.4 MPH)
|
Bottom of the 5th over - 3 runs, 4 hits, 2 errors, 2 left on base; Gwinnett 2 - Iowa 3 |
TOP OF THE 6TH |
Gwinnett Braves batting - Pitching for Iowa Cubs : RHP Gabe Wagner
|
Pitching: RHP Andy Temples
|
|
Batting: SHB Tim Rodgers
|
0-0: Ball 1-0: SINGLE (Groundball, 6M, EV 110.6 MPH) (infield hit)
|
Batting: RHB Francisco Hernandez
|
0-0: Called Strike 0-1: Ball 1-1: Ball 2-1: 2-RUN HOME RUN (Flyball, 8RXD, EV 103.8 MPH), Distance : 416 ft
|
Batting: RHB Luis Revilla
|
0-0: Ball 1-0: Ball 2-0: Swinging Strike 2-1: Ball 3-1: Swinging Strike 3-2: Strikes out swinging
|
Batting: LHB Ricky Ayon
|
0-0: Ball 1-0: Ball 2-0: Ball 3-0: Base on Balls
|
Batting: LHB Jose Chinchilla
|
0-0: Ball Ricky Ayon is caught stealing 2nd base 2-6 1-0: Ball 2-0: Swinging Strike 2-1: Foul Ball, location: 2F 2-2: Ball 3-2: Base on Balls
|
Batting: RHB Josh Whitmore
|
0-0: Ball 1-0: Ground out 4-3 (Groundball, 4, EV 76.9 MPH)
|
Top of the 6th over - 2 runs, 2 hits, 0 errors, 1 left on base; Gwinnett 4 - Iowa 3 |
BOTTOM OF THE 6TH |
Iowa Cubs batting - Pitching for Gwinnett Braves : RHP Howard Wood
|
Batting: LHB Paul Perry
|
0-0: Foul Ball, location: 2F 0-1: SINGLE (Flyball, 56D, EV 90.6 MPH)
|
Batting: LHB Jose Mojica
|
0-0: Ball 1-0: Ball 2-0: Called Strike 2-1: SINGLE (Groundball, 4MD, EV 107.5 MPH) Paul Perry to second
|
Pinch Hitting: LHB John Criswell
|
0-0: Ball 1-0: Swinging Strike 1-1: Ball 2-1: Foul Ball, location: 2F 2-2: Strikes out swinging
|
Batting: SHB R.J. Vargas
|
0-0: Ball 1-0: Foul Ball, location: 2F 1-1: Foul Ball, location: 2F 1-2: Ball 2-2: Foul Ball, location: 2F 2-2: Ball 3-2: Strikes out looking
|
Pitching: RHP Chris Thompson
|
|
Batting: LHB Barend van der Kamp
|
0-0: SINGLE (Groundball, 13S, EV 66.9 MPH) (infield hit) Paul Perry to third Jose Mojica to second
|
Batting: RHB Shintaro Katsumata
|
0-0: Ball 1-0: Foul Ball, location: 2F 1-1: Foul Ball, location: 2F 1-2: Strikes out swinging
|
Bottom of the 6th over - 0 runs, 3 hits, 0 errors, 3 left on base; Gwinnett 4 - Iowa 3 |
TOP OF THE 7TH |
Gwinnett Braves batting - Pitching for Iowa Cubs : RHP Andy Temples
|
Pitching: RHP Joe Pate
|
|
Now at 3B: Nick Chandler
|
|
Batting: RHB Jesse Lester
|
0-0: Ball 1-0: DOUBLE (Line Drive, 8RXD, EV 96.3 MPH)
|
Batting: RHB T.J. Jordan
|
0-0: Foul Ball, location: 2F 0-1: Called Strike 0-2: Ball 1-2: Ground out 6-3 (Groundball, 6, EV 79.4 MPH) Jesse Lester to third
|
Batting: RHB Ethan McCullough
|
0-0: Called Strike 0-1: Ball 1-1: Ball 2-1: Foul Ball, location: 2F 2-2: Ball 3-2: Base on Balls
|
Batting: SHB Tim Rodgers
|
0-0: Foul Ball, location: 2F 0-1: Swinging Strike 0-2: Ball 1-2: Ball 2-2: Strikes out swinging
|
Batting: RHB Francisco Hernandez
|
0-0: Swinging Strike 0-1: Ball 1-1: Swinging Strike 1-2: Foul Ball, location: 2F 1-2: Ball 2-2: Ball 3-2: Base on Balls Ethan McCullough to second
|
Batting: RHB Luis Revilla
|
0-0: Ball 1-0: Reached on error, E5 (Groundball, 5, EV 79.4 MPH) Jesse Lester scores Ethan McCullough to third Francisco Hernandez to second
|
Batting: LHB Ricky Ayon
|
0-0: Swinging Strike 0-1: Swinging Strike 0-2: Strikes out looking
|
Top of the 7th over - 1 run, 1 hit, 1 error, 3 left on base; Gwinnett 5 - Iowa 3 |
BOTTOM OF THE 7TH |
Iowa Cubs batting - Pitching for Gwinnett Braves : RHP Chris Thompson
|
Batting: SHB Tim Hone
|
0-0: Called Strike 0-1: Swinging Strike 0-2: Ball 1-2: Ball 2-2: Foul Ball, location: 2F 2-2: Ball 3-2: Foul Ball, location: 2F 3-2: Ground out 4-3 (Groundball, 34, EV 76.9 MPH)
|
Batting: RHB Butch Koglin
|
0-0: Called Strike 0-1: Called Strike 0-2: Fly out, F5 (Line Drive, 5, EV 65.6 MPH)
|
Batting: LHB Chris Morgan
|
0-0: Called Strike 0-1: Ball 1-1: Ball 2-1: Fly out, F9 (Flyball, 9LD, EV 99.4 MPH)
|
Bottom of the 7th over - 0 runs, 0 hits, 0 errors, 0 left on base; Gwinnett 5 - Iowa 3 |
TOP OF THE 8TH |
Gwinnett Braves batting - Pitching for Iowa Cubs : RHP Joe Pate
|
Pitching: RHP Bryant Bradley
|
|
Batting: LHB Jose Chinchilla
|
0-0: Fly out, F8 (Line Drive, 8LM, EV 103.8 MPH)
|
Batting: RHB Josh Whitmore
|
0-0: Foul Ball, location: 2F 0-1: Swinging Strike 0-2: Ball 1-2: Ball 2-2: Foul Ball, location: 2F 2-2: Ball 3-2: Ground out 5-3 (Groundball, 56S, EV 83.8 MPH)
|
Batting: RHB Jesse Lester
|
0-0: Ball 1-0: Ground out 6-3 (Groundball, 6, EV 98.8 MPH)
|
Top of the 8th over - 0 runs, 0 hits, 0 errors, 0 left on base; Gwinnett 5 - Iowa 3 |
BOTTOM OF THE 8TH |
Iowa Cubs batting - Pitching for Gwinnett Braves : RHP Chris Thompson
|
Pitching: LHP Kyle Krull
|
|
Batting: LHB Paul Perry
|
0-0: Ball 1-0: Called Strike 1-1: Ball 2-1: Foul Ball, location: 2F 2-2: Strikes out swinging
|
Pinch Hitting: SHB Gerardo Flores
|
0-0: Foul Ball, location: 2F 0-1: Called Strike 0-2: Strikes out swinging, 2-3 out at first.
|
Pitching: RHP Chong-hun Park
|
|
Batting: SHB Nick Chandler
|
0-0: Called Strike 0-1: Ball 1-1: Ball 2-1: Swinging Strike 2-2: Foul Ball, location: 2F 2-2: Ball 3-2: Strikes out swinging
|
Bottom of the 8th over - 0 runs, 0 hits, 0 errors, 0 left on base; Gwinnett 5 - Iowa 3 |
TOP OF THE 9TH |
Gwinnett Braves batting - Pitching for Iowa Cubs : RHP Bryant Bradley
|
Now at SS: Bobby Adams
|
|
Batting: RHB T.J. Jordan
|
0-0: Foul Ball, location: 2F 0-1: Ball 1-1: DOUBLE (Flyball, 8RXD, EV 111.9 MPH)
|
Batting: RHB Ethan McCullough
|
0-0: Intentional Walk
|
Batting: SHB Tim Rodgers
|
0-0: Ball 1-0: Bunted foul 1-1: Sac Bunt to 13S - play at first, batter OUT! 1-4 T.J. Jordan to third Ethan McCullough to second
|
Batting: RHB Francisco Hernandez
|
0-0: Foul Ball, location: 2F 0-1: Foul Ball, location: 2F 0-2: Strikes out looking
|
Batting: RHB Luis Revilla
|
0-0: Foul Ball, location: 2F 0-1: Ground out U3 (Groundball, 3S, EV 83.8 MPH)
|
Top of the 9th over - 0 runs, 1 hit, 0 errors, 2 left on base; Gwinnett 5 - Iowa 3 |
BOTTOM OF THE 9TH |
Iowa Cubs batting - Pitching for Gwinnett Braves : RHP Chong-hun Park
|
Pitching: RHP Will Patterson
|
|
Batting: SHB R.J. Vargas
|
0-0: Ground out 6-3 (Groundball, 6, EV 83.8 MPH)
|
Batting: LHB Barend van der Kamp
|
0-0: Ball 1-0: SINGLE (Line Drive, 8RS, EV 100.6 MPH)
|
Pinch Hitting: LHB John Holst
|
0-0: Ball 1-0: Fly out, F8 (Flyball, 8LXD, EV 80.0 MPH)
|
Batting: SHB Tim Hone
|
0-0: Called Strike 0-1: Foul Ball, location: 2F 0-2: Ball 1-2: Foul Ball, location: 2F 1-2: Ground out 4-3 (Groundball, 4, EV 87.5 MPH)
|
Bottom of the 9th over - 0 runs, 1 hit, 0 errors, 1 left on base; Gwinnett 5 - Iowa 3 |
|